 Dungeon Crawl Stone Soup version 0.28.0-53-g5a82cb258f (webtiles) character file.

Game seed: 10839723076515976235

126 SolCadguy the Digger (level 5, -12/28 HPs)
             Began as a Gargoyle Earth Elementalist on Aug 17, 2022.
             Killed from afar by Ijyb (19 damage)
             ... with a bolt of acid
             ... on level 3 of the Dungeon.
             The game lasted 00:07:48 (2141 turns).

SolCadguy the Digger (Gargoyle Earth Elementalist)  Turns: 2141, Time: 00:07:48

Health: -12/28     AC:  7    Str: 11    XL:     5   Next: 10%
Magic:  5/8        EV: 11    Int: 18    God:
Gold:   137        SH:  0    Dex: 10    Spells: 2/8 levels left

rFire   . . .      SeeInvis .   v - +2 short sword (elec)
rCold   + . .      Faith    .   (no shield)
rNeg    + . .      Spirit   .   y - +0 leather armour
rPois   ∞          Reflect  .   (no helmet)
rElec   +          Harm     .   (no cloak)
rCorr   .          Rampage  .   (no gloves)
Will    .....                   (no boots)
Stlth   ++........              (no amulet)
HPRegen 0.09/turn               e - ring of protection from cold
MPRegen 0.11/turn               (no ring)

@: no status effects
A: sickness immunity, AC +4, negative energy resistance 1, electricity
resistance, torment resistance 1, petrification resistance
a: no special abilities


You were on level 3 of the Dungeon.
You visited 1 branch of the dungeon, and saw 3 of its levels.

You collected 137 gold pieces.

Inventory:

Hand Weapons
 d - a +0 club
 i - a +0 dagger
 u - a +0 whip
 v - a +2 short sword of electrocution (weapon)
Missiles
 c - 43 stones
 f - 4 boomerangs (quivered)
Armour
 b - a +0 robe
 g - a +0 plate armour
 h - a +0 chain mail
 l - a +0 scale mail
 y - a +0 leather armour (worn)
Jewellery
 e - a ring of protection from cold (left hand)
 n - a ring of ice
Wands
 x - a wand of polymorph (4)
Scrolls
 k - a scroll of brand weapon {unknown}
 o - a scroll of blinking {unknown}
 p - a scroll of magic mapping
 r - a scroll of teleportation {unknown}
 s - a scroll of identify {unknown}
 w - a scroll of silence {unknown}
Potions
 a - a potion of attraction {unknown}
 j - a potion of curing {unknown}
 m - a potion of resistance {unknown}
 q - a potion of magic {unknown}
 t - a potion of brilliance {unknown}


   Skills:
 + Level 1.4 Armour
 - Level 1.5 Dodging
 - Level 2.1 Stealth
 - Level 2.0 Spellcasting
 - Level 0.7 Transmutations
 + Level 6.5 Earth Magic


You had 2 spell levels left.
You knew the following spells:

 Your Spells              Type           Power      Damage    Failure   Level
a - Sandblast             Erth           50%        2d12      1%          1
b - Passwall              Tmut/Erth      11%        N/A       9%          2
c - Stone Arrow           Conj/Erth      26%        3d8       19%         3

Your spell library contained the following spells:

 Spells                   Type           Power      Damage    Failure   Level
 Petrify                  Tmut/Erth      14%        N/A       47%         4


Dungeon Overview and Level Annotations

Branches:
Dungeon (3/15)

Altars:

Shops:
D:1 =

Annotations:
D:3 Ijyb


Innate Abilities, Weirdness & Mutations

You are immune to sickness and miasma.
Your stone body is resilient. (AC +4)
You are immune to poison.
You resist negative energy. (rN+)
You are resistant to electric shocks. (rElec)
You are resistant to unholy torment.
You are immune to petrification.


Message History

Press: ? - help, Shift-Dir - straight line, f/p - orc
Aim: an orc, wielding a +0 hand axe and quivering boomerangs (heavily wounded, 81% to hit)
The blast of sand hits the orc!
You kill the orc!
c - 44 stones
Casting: Sandblast (safe; 1% risk of failure)
Confirm with . or Enter, or press ? or * to list all spells.
You can't see any susceptible monsters within range! (Use Z to cast anyway.) Throw: 4 boomerangs
Press: ? - help, Q - select action, (/) - cycle Shift-Dir - straight line, f - Ijyb
Aim: Ijyb, wielding a +0 dagger, wearing a +0 scale mail and carrying a wand of acid (8) (50% to hit)
You throw a boomerang. The boomerang closely misses Ijyb.
Throw: 4 boomerangs
Press: ? - help, Q - select action, (/) - cycle Shift-Dir - straight line, f/p - Ijyb
Aim: Ijyb, wielding a +0 dagger, wearing a +0 scale mail and carrying a wand of acid (8) (50% to hit)
You throw a boomerang. The boomerang closely misses Ijyb.
Casting: Sandblast (safe; 1% risk of failure)
Confirm with . or Enter, or press ? or * to list all spells.
Aiming: Sandblast (safe; 1% risk of failure)
Press: ? - help, Shift-Dir - straight line, f/p - Ijyb
Aim: Ijyb, wielding a +0 dagger, wearing a +0 scale mail and carrying a wand of acid (8) (78% to hit)
The blast of sand hits Ijyb.
Ijyb is moderately wounded.
c - 43 stones You closely miss Ijyb.
Ijyb is moderately wounded.
Ijyb hits you with a +0 dagger.
You closely miss Ijyb.
Ijyb is lightly wounded.
Ijyb hits you but does no damage.
You closely miss Ijyb.
Ijyb is lightly wounded.
Ijyb zaps a wand.
The bolt of acid hits you!
Ouch! That really hurt!
* * * LOW HITPOINT WARNING * * *
You closely miss Ijyb.
Ijyb is lightly wounded.
Ijyb zaps a wand.
The bolt of acid hits you!!
Ouch! That really hurt!
You die...

#o).o....#.##.........##
#..#####.......##........
o.. #.#......#......## o
####.#........#...##
#...÷...##.########
#.##)#.....#
####.##.......#########
#.......##...##.......#
.#.##.##@##..###.......#
.......g.##..###.......#
.....)...##............#
.....>...###.###.......#
.#.#####.# #..##.......#
#.......# ##.##.......##
#.####### #.######.....
#.# ##.#.####
#.###.#..####


You could see Ijyb.

Vanquished Creatures
  An orc priest (D:3)
  3 adders (D:2)
  A worm (D:2)
  A dart slug (D:1)
  4 orcs
  7 bats
  5 endoplasms
  2 giant cockroaches (D:1)
  2 hobgoblins (D:2)
  9 jackals
  5 kobolds
  A quokka (D:1)
  8 ball pythons
  2 frilled lizards (D:1)
  3 goblins (D:1)
  5 rats
59 creatures vanquished.

Notes
Turn   | Place    | Note
-------+----------+-------------------------------------------
     0 | D:1      | SolCadguy the Gargoyle Earth Elementalist began the quest
                  | for the Orb.
     0 | D:1      | Reached XP level 1. HP: 10/10 MP: 3/3
    76 | D:1      | Reached skill level 4 in Earth Magic
   248 | D:1      | Reached XP level 2. HP: 8/15 MP: 5/5
   524 | D:1      | Found Detorigg's Jewellery Boutique.
   692 | D:1      | Reached XP level 3. HP: 19/19 MP: 4/6
   717 | D:1      | Reached skill level 5 in Earth Magic
  1230 | D:2      | Found a faded altar of an unknown god.
  1237 | D:2      | Reached XP level 4. HP: 24/24 MP: 3/7
  1295 | D:2      | Learned a level 2 spell: Passwall
  1299 | D:2      | Learned a level 3 spell: Stone Arrow
  1495 | D:2      | Reached skill level 6 in Earth Magic
  2128 | D:3      | Reached skill level 1 in Armour
  2128 | D:3      | Reached XP level 5. HP: 26/28 MP: 5/8
  2132 | D:3      | Noticed Ijyb
  2141 | D:3      | Killed from afar by Ijyb

Illustrated notes

Levels and vault maps discovered:
D:1:      minmay_arrival_radiant_lines, layout_basic, serial_shops,
          nicolae_diamond_shop, minivault_5, minmay_vboxes
D:2:      layout_basic, nicolae_ecumenical_snake_handling
D:3:      layout_loops_cross, serial_shops, nicolae_shop_stone,
          minmay_hedge_maze, minivault_26, uniq_ijyb, uniq_natasha, uniq_sigmund

Skill      XL: |  1  2  3  4 |
---------------+-------------+-----
Earth Magic    | 4 5 6 |  6.5
Armour         | 1 |  1.4
Dodging        | |  1.5
Stealth        | |  2.1
Spellcasting   | |  2.0
Transmutations | |  0.7

Action                   |  1- 3 |  4- 6 || total
-------------------------+-------+-------++-------
Melee: Club              |    46 |       ||    46
       Dagger            |    14 |    30 ||    44
       Short sword       |       |    23 ||    23
       Whip              |       |     1 ||     1
Throw: Boomerang         |       |    19 ||    19
 Cast: Sandblast         |    26 |    18 ||    44
  Use: Scroll            |     2 |       ||     2
 Stab: Sleeping          |     2 |       ||     2
Armor: Robe              |    34 |    20 ||    54
       Leather armour    |       |    10 ||    10
Dodge: Dodged            |    58 |    38 ||    96
